 Dungeon Crawl Stone Soup version 0.22.0-6-g71bd7aa6b3 (webtiles) character file.

168 CrazyKiwi the Covered (level 5, 0/43 HPs)
             Began as a Barachi Fighter on Aug 15, 2018.
             Was a Follower of the Shining One.
             Slain by an orc
             ... wielding a +0 hand axe
              (5 damage)
             ... on level 4 of the Dungeon.
             The game lasted 00:07:03 (2058 turns).

CrazyKiwi the Covered (Barachi Fighter)             Turns: 2058, Time: 00:07:05

Health: 0/43       AC:  8    Str: 19    XL:     5   Next: 48%
Magic:  5/5        EV:  7    Int:  8    God:    the Shining One [*.....]
Gold:   82         SH:  9    Dex: 11    Spells: 4/4 levels left

rFire    . . .     SeeInvis .   a - +0 long sword
rCold    . . .     Gourm    .   c - +0 shield
rNeg     . . .     Faith    .   b - +1 scale mail
rPois    .         Spirit   .   (no helmet)
rElec    .         Reflect  .   (no cloak)
rCorr    .         Harm     .   (no gloves)
MR       .....                  (no boots)
Stlth    ..........             (no amulet)
HPRegen  0.14/turn              (no ring)
MPRegen  0.09/turn              (no ring)

@: flying, glowing, slow
A: +LOS, swims, slowness 1, strong legs 1
a: Hop, Renounce Religion


You were on level 4 of the Dungeon.
You worshipped the Shining One.
The Shining One was aware of your devotion.
You were not hungry.

You visited 1 branch of the dungeon, and saw 4 of its levels.

You collected 229 gold pieces.
You spent 147 gold pieces at shops.

Inventory:

Hand Weapons
 a - a +0 long sword (weapon)
Missiles
 h - 85 sling bullets
 m - 105 stones (quivered)
 n - 12 tomahawks
 q - 21 arrows
 y - 12 poisoned needles
Armour
 b - a +1 scale mail (worn)
 c - a +0 shield (worn)
 t - a +0 scale mail
 v - a +0 scale mail
Jewellery
 g - a cursed ring of attention {unknown}
 j - an uncursed ring of protection from fire
 x - a +5 ring of intelligence {unknown}
Scrolls
 e - 2 scrolls of identify
 r - 3 scrolls of teleportation
 s - 2 scrolls of remove curse
 w - a scroll of fog
 A - a scroll of blinking
Potions
 d - 2 potions of might
Comestibles
 f - 6 rations
 z - 3 chunks of flesh


   Skills:
 + Level 4.5 Fighting
 + Level 4.1 Long Blades
 + Level 0.2 Throwing
 + Level 4.7 Armour
 + Level 0.7 Dodging
 + Level 0.5 Stealth
 + Level 4.1 Shields


You had 4 spell levels left.
You didn't know any spells.
Your spell library was empty.

Dungeon Overview and Level Annotations

Branches:
Dungeon (4/15)             Temple (0/1) D:4

Altars:
The Shining One

Shops:
D:4 ?


Innate Abilities, Weirdness & Mutations

Shadows flee at your approach. (+LOS)
You can swim through water.
You cover ground slowly.
You can hop short distances.


Message History

As you read the scroll labeled JYEHYCWIEZO, it crumbles to dust.
It is a scroll of identify.
j - an uncursed ring of protection from fire The orc wizard completely misses you.
You riposte.
You hit the orc wizard.
The orc wizard is heavily wounded.
The howler monkey skeleton hits you but does no damage.
You block the orc's attack. The orc hits you with a hand axe.
* * * LOW HITPOINT WARNING * * *
The orc wizard hits you but does no damage.
Okay, then.
Okay, then.
Okay, then.
You barely miss the orc wizard.
The orc wizard is heavily wounded.
The orc hits you but does no damage. You block the orc wizard's attack.
The howler monkey skeleton closely misses you.
You riposte.
You hit the howler monkey skeleton.
The howler monkey skeleton is lightly damaged.
The orc barely misses you. The orc hits you with a hand axe.
You die...

******* ,,,,,,*#######*
*****,**.....§########
*,**,**#.§§o@o§..########
****,**,**#.§§ooZ§.........###
*,,,,,,,,,#..§§§§##.######...#
**,**,**,*,#.....###.# #..∩.#
,,,,,,**,,.......# #.* #....#
,,,,,,***###.##.##*#.* #..###
**,*,** #.,...,,..* ##.#
**,*,* #**#+#**##* #.# **,*,*
**,,,** #.#


You could see an orc wizard, 3 orcs and a howler monkey skeleton.

Vanquished Creatures
  An orc priest (D:4)
  An iguana (D:4)
  4 adders
  4 dart slugs
  3 leopard geckos (D:3)
  6 orcs (D:3)
  4 ball pythons
  7 giant cockroaches
  6 hobgoblins (D:3)
  A quokka (D:3)
  11 bats
  5 frilled lizards
  6 goblins
  2 rats
61 creatures vanquished.

Notes
Turn   | Place    | Note
-------+----------+-------------------------------------------
     0 | D:1      | CrazyKiwi the Barachi Fighter began the quest for the Orb.
     0 | D:1      | Reached XP level 1. HP: 18/18 MP: 1/1
   113 | D:1      | Reached XP level 2. HP: 25/25 MP: 2/2
   590 | D:1      | Reached XP level 3. HP: 30/30 MP: 3/3
  1109 | D:2      | Found a faded altar of an unknown god.
  1143 | D:2      | Became a worshipper of the Shining One
  1143 | D:2      | Reached * piety under the Shining One
  1394 | D:3      | Reached XP level 4. HP: 33/38 MP: 4/4
  1729 | D:3      | Found a glowing golden altar of the Shining One.
  1913 | D:4      | Reached XP level 5. HP: 41/43 MP: 5/5
  1958 | D:4      | Found a staircase to the Ecumenical Temple.
  2007 | D:4      | Found Luufy's Magic Scroll Shop.
  2031 | D:4      | Bought a scroll of blinking for 105 gold pieces
  2031 | D:4      | Bought a scroll of teleportation for 42 gold pieces
  2058 | D:4      | Slain by an orc

Skill      XL: |  1  2  3  4  5 |
---------------+----------------+-----
Armour         | 4 |  4.7
Fighting       | 4 |  4.5
Long Blades    | 3 4 |  4.1
Shields        | 4 |  4.1
Throwing       | |  0.2
Dodging        | |  0.7
Stealth        | |  0.5

Action                   |  1- 3 |  4- 6 || total
-------------------------+-------+-------++-------
Melee: Long sword        |   116 |    69 ||   185
Throw: Stone             |       |     9 ||     9
       Tomahawk          |       |     4 ||     4
 Abil: Hop               |       |     1 ||     1
  Use: Scroll            |       |     6 ||     6
       Potion            |       |     4 ||     4
  Eat: Chunk             |     3 |     2 ||     5
Armor: Scale mail        |    66 |    59 ||   125
Dodge: Dodged            |    67 |    27 ||    94
Block: Shield            |    81 |    50 ||   131
       Rpst.: Long sword |    28 |    11 ||    39
